 Dungeon Crawl Stone Soup version 0.31.0-12-g77e489cdc1 (webtiles) character file.

Game seed: 13398730606155035055

329 PaiMei the Grave Robber (level 6, -1/46 HPs)
             Began as a Demonspawn Necromancer on Mar 6, 2024.
             Slain by Edmund
             ... wielding a +1 flail of holy wrath
              (12 damage)
             ... on level 5 of the Dungeon.
             The game lasted 00:05:43 (5148 turns).

PaiMei the Grave Robber (Demonspawn Necromancer)    Turns: 5148, Time: 00:05:44

Health: -1/46      AC:  3    Str:  8    XL:     6   Next: 25%
Magic:  4/11       EV: 13    Int: 18    God:
Gold:   363        SH:  0    Dex: 13    Spells: 3/11 levels left

rFire   . . .        l - +0 mace
rCold   . . .        (no shield)
rNeg    . . .        a - +0 robe
rPois   .            i - +0 helmet
rElec   .            (no cloak)
rCorr   .            (no gloves)
SInv    .            (no boots)
Will    .....        (no amulet)
Stlth   ++           (no ring)
HPRegen 0.27/turn    (no ring)
MPRegen 0.12/turn

%: no passive effects
@: no status effects
A: powered by death 1, spiny 1
a: no special abilities


You were on level 5 of the Dungeon.
You visited 2 branches of the dungeon, and saw 6 of its levels.

You collected 363 gold pieces.

Inventory:

Hand Weapons
 l - a +0 mace (weapon)
Missiles
 r - 9 poisoned darts (quivered)
 w - a throwing net
Armour
 a - a +0 robe (worn)
 i - a +0 helmet (worn)
Jewellery
 h - a ring of positive energy
 p - a +5 ring of evasion
 s - an amulet of reflection
 v - a ring of protection from fire
 x - the ring "Gohioc" {rF+ rC+ Str-4 Int+6}
   (You found it on level 4 of the Dungeon)

   [ring of intelligence]

   Str-4:     It affects your strength (-4).
   Int+6:     It affects your intelligence (+6).
   rF+:       It protects you from fire.
   rC+:       It protects you from cold.
Scrolls
 c - a scroll of noise {unknown}
 d - a scroll of silence {unknown}
 e - 2 scrolls of identify {unknown}
 j - 2 scrolls of amnesia {unknown}
 m - a scroll of teleportation {unknown}
 o - 2 scrolls of vulnerability {unknown}
 q - a scroll of torment {unknown}
 u - a scroll of blinking {unknown}
 y - a scroll of enchant weapon {unknown}
Potions
 b - a potion of magic
 f - 2 potions of brilliance {unknown}
 g - a potion of invisibility {unknown}
 k - a potion of heal wounds {unknown}
 n - a potion of mutation {unknown}
 t - a potion of enlightenment {unknown}


   Skills:
 + Level 2.6 Fighting
 + Level 3.3 Dodging
 - Level 2.0 Stealth
 + Level 3.4 Spellcasting
 + Level 5.6 Necromancy


You had 3 spell levels left.
You knew the following spells:

 Your Spells              Type           Power      Damage    Failure   Level
a - Necrotise             Necr           92%        1d8       1%          1
b - Vampiric Draining     Necr           23%        2d7       4%          3
c - Animate Dead          Necr           23%        N/A       16%         4

Your spell library contained the following spells:

 Spells                   Type           Power      Damage    Failure   Level
 Dazzling Flash           Conj/Hex       6%         N/A       43%         3
 Inner Flame              Hex/Fire       3%         N/A       43%         3
 Volatile Blastmotes      Fire/Tloc      6%         2d10      43%         3
 Curse of Agony           Necr           23%        N/A       38%         5
 Flame Wave               Conj/Fire      3%         2d5       83%         4
 Leda's Liquefaction      Alch/Erth      1%         N/A       83%         4
 Sticky Flame             Fire/Alch      3%         2d4       83%         4
 Lee's Rapid Deconstruct  Erth           1%         3d4*      99%         5
 Bombard                  Conj/Erth      1%         9d1       100%        6
 Starburst                Conj/Fire      1%         6d3       100%        6
 Maxwell's Capacitive Co  Air            1%         ∞         100%        8


Dungeon Overview and Level Annotations

Branches:
Dungeon (5/15)             Temple (1/1) D:4

Altars:
Ashenzari
Cheibriados
Dithmenos
Fedhas
Gozag
Kikubaaqudgha
Makhleb
Nemelex Xobeh
Okawaru
Ru
Sif Muna
Trog
Uskayaw
Xom
Yredelemnul

Shops:
D:3 =(   D:4 :

Annotations:
D:5 Edmund, Eustachio


Innate Abilities, Weirdness & Mutations

You regenerate a little health from kills.
You are partially covered in sharp spines.


Message History

Aim: Edmund, wielding a +1 flail of holy wrath and wearing a +0 chain mail (lightly wounded, chance to affect: 81%) Edmund barely resists.
Casting: Necrotise (safe; 1% risk of failure)
Confirm with . or Enter, or press ? or * to list all spells.
Aiming: Necrotise (safe; 1% risk of failure)
Press: ? - help, Shift-Dir - straight line, f/p - Edmund
Aim: Edmund, wielding a +1 flail of holy wrath and wearing a +0 chain mail (lightly wounded, chance to affect: 81%) Edmund barely resists.
Edmund hits you with a +1 flail of holy wrath.
You convulse.
Casting: Necrotise (safe; 1% risk of failure)
Confirm with . or Enter, or press ? or * to list all spells.
Aiming: Necrotise (safe; 1% risk of failure)
Press: ? - help, Shift-Dir - straight line, f/p - Edmund
Aim: Edmund, wielding a +1 flail of holy wrath and wearing a +0 chain mail (lightly wounded, chance to affect: 81%) Edmund writhes in agony.
Edmund is struck by your spines.
Edmund hits you with a +1 flail of holy wrath!
You convulse!
* * * LOW HITPOINT WARNING * * *
Casting: Necrotise (safe; 1% risk of failure)
Confirm with . or Enter, or press ? or * to list all spells.
Aiming: Necrotise (safe; 1% risk of failure)
Press: ? - help, Shift-Dir - straight line, f/p - Edmund
Aim: Edmund, wielding a +1 flail of holy wrath and wearing a +0 chain mail (moderately wounded, chance to affect: 81%) Edmund writhes in agony!
Edmund closely misses you.
Casting: Necrotise (safe; 1% risk of failure)
Confirm with . or Enter, or press ? or * to list all spells.
Aiming: Necrotise (safe; 1% risk of failure)
Press: ? - help, Shift-Dir - straight line, f/p - Edmund
Aim: Edmund, wielding a +1 flail of holy wrath and wearing a +0 chain mail (heavily wounded, chance to affect: 81%) Edmund writhes in agony.
Edmund closely misses you.
Casting: Necrotise (safe; 1% risk of failure)
Confirm with . or Enter, or press ? or * to list all spells.
Aiming: Necrotise (safe; 1% risk of failure)
Press: ? - help, Shift-Dir - straight line, f/p - Edmund
Aim: Edmund, wielding a +1 flail of holy wrath and wearing a +0 chain mail (heavily wounded, chance to affect: 81%) Edmund writhes in agony.
Edmund is struck by your spines.
Edmund hits you with a +1 flail of holy wrath!
You die...
Edmund whines, "They better pay attention to me now!"

##...#........
###.#.....#
###.#.....#
########...#.....#
#........#.#..####
#........#....#
###
#........#)#..#
#.#######
#........#@#..##
#......##
#........#@#...##
#......##
#........#)#....#
#......##
#........#....#.#
#......##
#........###..#.#
#......##
#........#
#..#.###......##
########.#
#..#>..'......##
#.#
#..#####......##
#.#
#.......###'####
#.# #.#####.# #.#
#


You could see Edmund.

Vanquished Creatures
  A bombardier beetle (D:4)
  A hound (D:4)
  2 jellies
  2 orc wizards
  8 adders
  3 dart slugs
  4 ribbon worms
  4 orcs
  3 ball pythons
  3 bats
  5 endoplasms
  2 giant cockroaches
  5 goblins
  6 hobgoblins
  6 jackals
  2 kobolds (D:2)
  4 quokkas
  4 frilled lizards
  6 rats
71 creatures vanquished.

Notes
Turn   | Place    | Note
-------+----------+-------------------------------------------
     0 | D:1      | PaiMei the Demonspawn Necromancer began the quest for the
                  | Orb.
     0 | D:1      | Reached XP level 1. HP: 13/13 MP: 3/3
   655 | D:1      | Gained mutation: You are partially covered in sharp spines.
                  | [demonic ancestry]
   655 | D:1      | Reached XP level 2. HP: 19/19 MP: 0/5
  1342 | D:2      | Reached XP level 3. HP: 15/25 MP: 0/6
  1735 | D:2      | Reached skill level 1 in Fighting
  1762 | D:2      | Reached XP level 4. HP: 22/32 MP: 0/7
  2254 | D:2      | Reached skill level 5 in Necromancy
  2406 | D:3      | Found Usiejic's Jewellery Emporium.
  2477 | D:3      | Found Daver's Antique Weapon Boutique.
  2521 | D:3      | Found a sparkling altar of Nemelex Xobeh.
  3099 | D:3      | Found a hide-covered altar of Uskayaw.
  3136 | D:3      | Found a shimmering altar of Xom.
  3150 | D:3      | Found an ancient bone altar of Kikubaaqudgha.
  3216 | D:3      | Found a burning altar of Makhleb.
  3321 | D:4      | Reached XP level 5. HP: 38/38 MP: 7/9
  3345 | D:4      | Found Xosyb's Book Shoppe.
  3801 | D:4      | Found an opulent altar of Gozag.
  4177 | D:4      | Learned a level 3 spell: Vampiric Draining
  4182 | D:4      | Learned a level 4 spell: Animate Dead
  4217 | D:4      | Found a staircase to the Ecumenical Temple.
  4313 | D:4      | Identified the ring "Gohioc" {rF+ rC+ Str-4 Int+6}
  4356 | D:4      | Gained mutation: You regenerate a little health from kills.
                  | [demonic ancestry]
  4356 | D:4      | Reached XP level 6. HP: 37/46 MP: 5/10
  4394 | D:4      | Found a shadowy altar of Dithmenos.
  4432 | D:4      | Found a bloodstained altar of Trog.
  4689 | Temple   | Entered the Ecumenical Temple
  4715 | D:5      | Entered Level 5 of the Dungeon
  4895 | D:5      | Noticed Eustachio
  5131 | D:5      | Noticed Edmund
  5148 | D:5      | Slain by Edmund

Illustrated notes

Levels and vault maps discovered:
D:1:      eino_arrival_tree_alley, layout_loops_cross,
          chequers_serial_rivers_room_a, minmay_gold_behind_fungi
D:2:      layout_basic, basic_altar
D:3:      layout_basic, demons_altar, old_standard_altar,
          nicolae_overflow_quartered_altars, serial_glass, glass_columns_b,
          glass_columns_a, due_unseen_surprise, item_on_display_a, serial_shops,
          nicolae_shop_crystal, shop, columned_hall_lemuel
D:4:      layout_gridville, elyvilon_altar_5, marbit_many_paths,
          lightli_temple_of_fire, mainiacjoe_overflow_24_doors, temple_statues,
          serial_shops, nicolae_shop_gibbet_a_chance
D:5:      layout_basic, nzn_wu_jian_contemplation,
          mainiacjoe_sewer_entry_somewhere_in_here_2, uniq_prince_ribbit1,
          uniq_sigmund, uniq_crazy_yiuf_cottage, uniq_eustachio, uniq_edmund
Temple:   nicolae_temple_colour_theory

Skill      XL: |  1  2  3  4  5 |
---------------+----------------+-----
Stealth        | 2 |  2.0
Dodging        | 2 3 |  3.3
Fighting       | 1 2 |  2.6
Necromancy     | 5 |  5.6
Spellcasting   | 3 |  3.4

Action                     |  1- 3 |  4- 6 || total
---------------------------+-------+-------++-------
  Melee: Unarmed           |    33 |     3 ||    36
         Mace              |       |     6 ||     6
   Cast: Necrotise         |    70 |    90 ||   160
 Armour: Robe              |    25 |    31 ||    56
  Dodge: Dodged            |    34 |    13 ||    47
